Map: Stasis LE

Players

DnS - Winner!

  • Race: Protoss Protoss
  • League: Grandmaster
  • Spawn Location: 1:00

HeroMarine

  • Race: Terran Terran
  • League: Master
  • Spawn Location: 11:00

Event: IEM Season 13 - Katowice Server Qualifiers Europe

VOD

Have the link to the VOD?

Description

Time

  • Played on: Jan. 8, 2019, 9:29 a.m.
  • Length: 25:38

All games in this series

Show
View Real Time Build Order
Export as new Build Order

DnS Protoss - Winner!

Build Orders: 1 Gate Expand, Oracle Opening 

Get SALT Encoding   

  12  0:00  Probe  
  13  0:12  Probe  
  14  0:17  Pylon  
  14  0:24  Probe  
  15  0:32  Probe  
  15  0:36  Gateway  
  15  0:40  Probe  
  16  0:46  Assimilator  
  17  0:51  Probe  
  18  1:03  Probe  
  19  1:15  Probe  
  20  1:24  Nexus  
  20  1:34  Cybernetics Core  
  20  1:38  Probe  
  21  1:44  Assimilator  
  21  1:50  Probe  
  22  1:54  Pylon  
  22  2:03  Probe, Adept  
  23  2:15  Probe  
  26  2:17  Stargate  
  26  2:22  Adept  
  26  2:25  Warp Gate  
  26  2:27  Probe  
  27  2:33  Probe  
  29  2:39  Probe  
  29  2:41  Probe  
  33  2:51  Probe x2  
  33  2:52  Oracle  
  34  3:03  Probe x2  
  39  3:13  Pylon  
  39  3:14  Adept  
  39  3:15  Probe x2  
  43  3:27  Probe  
  43  3:28  Probe  
  43  3:30  Oracle  
  48  3:37  Gateway  
  48  3:38  Gateway  
  48  3:39  Probe  
  48  3:49  Probe  
  48  3:51  Probe  
  49  4:01  Probe  
  50  4:04  Nexus, Probe  
  50  4:08  Pylon  
  51  4:13  Probe  
  51  4:16  Phoenix  
  54  4:29  Probe  
  54  4:30  Probe  
  56  4:39  Assimilator  
  56  4:40  Assimilator  
  56  4:41  Probe  
  56  4:42  Pylon  
  56  4:44  Protoss Ground Weapons Level 1, Twilight Council  
  56  4:45  Forge, Blink  
  57  4:46  Probe  
  58  4:53  Probe  
  58  4:58  Probe  
  60  5:05  Probe  
  61  5:10  Probe  
  61  5:12  Sentry  
  61  5:13  Sentry  
  66  5:17  Gateway x2  
  66  5:18  Probe  
  66  5:20  Gateway  
  67  5:23  Probe x2  
  67  5:25  Gateway  
  69  5:30  Gateway  
  69  5:32  Sentry  
  69  5:33  Probe  
  69  5:35  Probe x2  
  73  5:39  Pylon  
  74  5:46  Probe  
  74  5:47  Probe  
  74  5:48  Sentry  
  78  5:50  Stalker  
  78  5:52  Probe  
  78  5:53  Pylon  
  81  5:58  Probe  
  81  5:59  Pylon  
  81  6:03  Stalker  
  84  6:06  Probe x2  
  84  6:07  Shield Battery  
  84  6:09  Assimilator  
  84  6:10  Pylon  
  86  6:21  Stalker x3  
  86  6:22  Stalker  
  86  6:24  Probe x3  
  97  6:29  Charge, Protoss Ground Armor Level 1  
  97  6:35  Stalker x3  
  103  6:40  Photon Cannon, Stalker  
  103  6:45  Pylon  
  105  7:07  Stalker x3  
  105  7:08  Stalker x4  
  109  7:09  Probe  
  109  7:10  Probe  
  111  7:18  Probe  
  111  7:21  Probe  
  111  7:22  Stalker  
  114  7:28  Probe  
  108  7:30  Probe  
  108  7:31  Stalker x3  
  113  7:38  Probe  
  113  7:40  Probe  
  115  7:46  Probe, Protoss Ground Weapons Level 2  
  115  7:49  Pylon  
  115  7:50  Pylon  
  116  7:52  Robotics Facility  
  116  7:59  Probe  
  116  8:00  Probe  
  116  8:01  Probe  
  119  8:11  Photon Cannon  
  116  8:15  Zealot x3  
  122  8:20  Zealot x3  
  122  8:21  Zealot x2  
  132  8:29  Pylon  
  132  8:30  Pylon  
  130  8:36  Immortal  
  130  8:44  Robotics Bay, Zealot x3  
  140  8:51  Zealot x4  
  142  8:57  Zealot  
  134  9:07  Probe x3  
  134  9:08  Robotics Facility, Assimilator  
  137  9:15  Observer  
  137  9:21  Zealot x6  
  137  9:23  Pylon  
  150  9:25  Colossus  
  156  9:38  Nexus  
  156  9:44  Extended Thermal Lance  
  156  9:49  Colossus  
  156  9:51  Forge  
  156  9:52  Templar Archives  
  156  9:58  Forge  
  162  10:04  Protoss Ground Armor Level 2  
  162  10:18  Protoss Ground Weapons Level 3  
  162  10:20  Colossus  
  162  10:23  Pylon  
  162  10:25  Pylon  
  162  10:26  Pylon  
  165  10:33  High Templar  
  165  10:37  Pylon  
  165  10:42  Pylon  
  165  10:44  High Templar x4  
  165  10:46  High Templar, Zealot x2  
  165  10:48  Archon  
  165  10:49  Archon  
  177  10:50  Archon  
  177  10:51  Disruptor  
  177  10:52  Gateway  
  177  10:53  Gateway  
  180  11:12  Disruptor  
  180  11:14  Pylon  
  181  11:20  Zealot x4  
  181  11:21  Gateway, Zealot x2  
  181  11:23  Gateway  
  191  11:28  Disruptor  
  191  11:32  Dark Shrine  
  194  11:43  Protoss Ground Armor Level 3  
  194  11:44  Photon Cannon  
  194  11:46  Photon Cannon  
  194  11:54  Zealot, Disruptor  
  191  11:55  Zealot x2  
  184  12:12  Disruptor  
  184  12:15  Zealot x10  
  158  12:16  Zealot  
  169  12:29  Disruptor  
  172  12:37  Zealot x3  
  172  12:38  Zealot x3  
  172  12:39  Zealot x4  
  192  12:46  Dark Templar  
  184  12:58  Dark Templar  
  184  13:01  Dark Templar  
  184  13:04  Stalker x3  
  184  13:05  Stalker x2  
  198  13:18  Psionic Storm  
  190  13:21  Nexus  
  152  13:31  Zealot x5  
  152  13:32  Zealot x4  
  152  13:34  Disruptor  
  157  13:36  Disruptor  
  157  13:38  High Templar x2  
  165  13:51  Assimilator  
  165  13:52  Assimilator  
  165  13:53  High Templar  
  165  13:54  High Templar  
  165  13:55  Zealot x3  
  173  13:58  High Templar  
  177  14:19  Fleet Beacon  
  177  14:23  Stargate, Zealot x3  
  183  14:30  High Templar  
  185  14:32  Photon Cannon, Zealot  
  185  14:33  Zealot x3  
  193  14:53  Observer  
  193  14:54  Observer  
  193  14:59  Tempest  
  189  15:03  Pylon  
  189  15:05  Tempest, Assimilator x2  
  194  15:09  High Templar  
  194  15:12  Shield Battery  
  196  15:16  Colossus x2  
  180  15:33  Protoss Air Weapons Level 1  
  177  15:36  Photon Cannon  
  177  15:37  Tempest  
  177  15:39  Photon Cannon  
  182  15:45  Stalker x2  
  182  15:47  Tempest  
  189  15:51  Archon x2  
  185  15:59  Stalker x3  
  185  16:00  Stalker  
  185  16:06  High Templar x2  
  170  16:15  Stalker x4  
  170  16:24  Zealot x4  
  148  16:28  Zealot  
  126  16:38  Zealot x4, Disruptor  
  105  16:50  High Templar x3  
  105  16:51  High Templar  
  113  16:57  Disruptor  
  113  16:58  Sentry, Zealot x3  
  121  17:08  High Templar  
  126  17:10  Dark Templar  
  126  17:11  Disruptor  
  131  17:24  Disruptor  
  131  17:27  Sentry, Zealot x4  
  140  17:34  Zealot  
  145  17:40  Disruptor  
  146  17:51  Stalker x4  
  145  18:10  Probe x3  
  145  18:11  Probe x2  
  150  18:16  High Templar x2  
  150  18:17  High Templar x2  
  150  18:29  High Templar  
  150  18:30  High Templar  
  150  18:33  Zealot x5  
  150  18:34  Zealot  
  164  18:38  Disruptor  
  167  18:43  Disruptor  
  170  18:51  Dark Templar, Zealot x3  
  178  18:59  Stalker x2  
  167  19:15  Stalker  
  167  19:16  Stalker x2  
  173  19:20  Stalker  
  171  19:27  Stalker  
  165  19:44  Probe  
  165  19:45  Probe x4  
  166  19:49  High Templar x2  
  170  19:57  Probe x3  
  174  20:05  Dark Templar  
  176  20:10  Dark Templar  
  176  20:11  Zealot x3  
  181  20:21  Zealot x3  
  116  20:47  Archon  
  116  20:48  Archon  
  105  21:02  Stalker x9  
  121  21:17  Robotics Facility  
  119  21:33  High Templar x4  
  119  21:34  High Templar  
  119  21:35  Stalker  
  119  21:37  Nexus  
  131  21:45  Stalker  
  131  21:46  Stalker x2  
  137  21:54  Tempest  
  142  22:04  Tempest  
  147  22:14  Dark Templar, Zealot  
  147  22:15  Zealot x6  
  160  22:34  Tempest  
  160  22:41  Nexus  
  160  22:42  Tempest  
  170  23:04  Assimilator  
  168  23:06  Stalker x3  
  168  23:07  Assimilator  
  174  23:17  Archon  
  174  23:18  Stalker x2  
  174  23:19  High Templar  
  180  23:43  Tempest  
  180  23:44  Tempest  
  188  23:52  Robotics Facility  
  188  24:02  Stalker x2  
  180  24:18  Stalker x2  
  180  24:23  Probe  
  178  24:32  Probe  
  178  24:33  Observer  
  179  24:41  Probe  
  179  24:42  High Templar  
  179  24:44  High Templar  
  185  24:51  High Templar  
  187  24:55  Observer  
  188  25:14  Stalker x5  
Show
View Real Time Build Order
Export as new Build Order

HeroMarine Terran 

Build Orders: Gas First Reaper Expand 

Get SALT Encoding   

  12  0:00  SCV  
  13  0:12  SCV  
  14  0:18  Supply Depot  
  14  0:24  SCV  
  15  0:28  Refinery  
  15  0:39  SCV  
  16  0:45  Barracks  
  16  0:51  SCV  
  17  1:03  SCV  
  18  1:15  SCV  
  19  1:35  Orbital Command  
  19  1:36  Reaper  
  20  1:50  Command Center  
  20  1:58  Factory  
  20  2:00  SCV  
  21  2:08  Barracks Reactor  
  21  2:11  Supply Depot  
  21  2:13  SCV  
  22  2:19  Refinery  
  22  2:25  SCV  
  23  2:37  SCV  
  23  2:42  Hellion  
  23  2:43  Starport  
  26  2:45  Marine x2  
  26  2:49  SCV  
  29  3:01  SCV, Orbital Command  
  29  3:04  Marine x2  
  32  3:09  Widow Mine  
  34  3:13  SCV  
  34  3:19  Medivac  
  37  3:23  Marine x2  
  37  3:25  SCV  
  40  3:30  SCV  
  40  3:32  Factory Tech Lab  
  41  3:38  SCV  
  42  3:42  SCV  
  42  3:45  Marine x2  
  44  3:50  SCV  
  44  3:52  Barracks  
  44  3:54  SCV  
  44  3:55  Supply Depot  
  44  4:01  Raven  
  46  4:04  Supply Depot  
  46  4:15  Supply Depot  
  46  4:16  Barracks  
  46  4:17  Marine x2, SCV x2, Engineering Bay  
  47  4:22  Factory Tech Lab  
  50  4:29  SCV x2  
  50  4:30  Bunker  
  52  4:34  Marine x2  
  54  4:41  SCV x2  
  56  4:47  Missile Turret  
  56  4:49  Marine, Stimpack  
  56  4:52  Marine x2  
  59  4:53  Starport Reactor, SCV x2  
  59  4:54  Terran Infantry Weapons Level 1  
  59  4:58  Factory Reactor  
  60  5:01  Supply Depot  
  62  5:10  Marine x2, Supply Depot  
  62  5:13  Combat Shield  
  62  5:14  Marine x2, SCV x2  
  66  5:23  Supply Depot  
  66  5:28  Marine x2  
  68  5:29  Supply Depot, Medivac  
  68  5:32  Marine x2  
  72  5:37  Missile Turret  
  72  5:42  Medivac  
  74  5:45  Marine  
  74  5:46  Marine  
  76  5:50  Marine x2  
  76  5:54  Widow Mine x2  
  82  5:59  Command Center  
  82  6:03  Marine x2  
  84  6:07  Marine  
  84  6:10  Medivac  
  87  6:13  Marine  
  87  6:18  SCV x2  
  90  6:19  Supply Depot  
  90  6:20  Widow Mine x2  
  90  6:21  Marine x2  
  96  6:32  Barracks  
  96  6:33  Barracks, Refinery  
  96  6:35  Refinery, SCV x2  
  98  6:40  Marauder  
  98  6:46  Marauder  
  102  6:48  SCV x2  
  102  6:50  Marine x2  
  98  7:08  Marine  
  98  7:09  Marine, Marauder x2, SCV  
  98  7:10  SCV  
  104  7:16  Medivac x2  
  99  7:24  SCV x2  
  99  7:26  Marine x2  
  99  7:27  Barracks Reactor, Orbital Command  
  99  7:28  Barracks Tech Lab  
  99  7:30  Marauder x2  
  99  7:36  SCV  
  99  7:37  SCV  
  99  7:44  Concussive Shells  
  99  7:46  Orbital Command  
  99  7:47  Marauder  
  99  7:48  SCV  
  99  7:49  Factory Reactor, SCV  
  99  7:50  Marine x2  
  105  7:51  Terran Infantry Armor Level 1  
  105  7:52  Marauder x2  
  109  8:01  SCV x2  
  111  8:07  Marine x2  
  111  8:08  Marauder, Missile Turret  
  111  8:11  Refinery  
  115  8:13  Marauder x2  
  115  8:14  Marine  
  115  8:16  Marine  
  121  8:21  Supply Depot  
  121  8:22  SCV x2, Supply Depot  
  121  8:23  SCV  
  121  8:25  Liberator x2  
  124  8:31  Marauder  
  125  8:36  Supply Depot  
  125  8:38  Supply Depot  
  125  8:42  Widow Mine  
  125  8:43  SCV x2  
  125  8:44  Marauder x2, Widow Mine  
  140  8:56  Marauder  
  122  9:02  SCV  
  122  9:03  SCV x2  
  122  9:04  Armory  
  122  9:05  Marauder, Supply Depot  
  122  9:06  Marauder  
  122  9:07  Refinery  
  122  9:09  Marine x3, Starport  
  131  9:13  Marine  
  131  9:15  Engineering Bay  
  132  9:17  Marauder  
  137  9:26  Marine  
  141  9:32  Marauder  
  141  9:33  Marine x2  
  141  9:34  Marine  
  141  9:35  Marine  
  147  9:39  Marauder  
  147  9:44  Supply Depot  
  143  9:46  Viking x2  
  143  9:47  Viking x2  
  143  9:52  Terran Infantry Weapons Level 2, Terran Infantry Armor Level 2  
  151  9:57  Terran Ship Weapons Level 1  
  151  9:58  Marauder  
  153  10:05  Marauder x2  
  157  10:08  Marine x3  
  157  10:09  Marine  
  160  10:16  Viking  
  160  10:17  Viking  
  164  10:22  Viking x2  
  168  10:30  Marauder x2  
  172  10:36  Supply Depot  
  172  10:37  Supply Depot  
  172  10:55  Command Center  
  172  10:58  Viking x4  
  172  10:59  Marauder  
  172  11:00  Supply Depot  
  182  11:06  Marine, Marauder, Ghost Academy  
  182  11:07  Marine x2, Marauder  
  189  11:21  Marine, Marauder  
  189  11:24  Supply Depot  
  192  11:27  Barracks  
  192  11:28  Barracks  
  192  11:30  Barracks  
  192  11:34  Viking x2  
  198  11:54  Sensor Tower  
  198  11:55  Terran Ship Weapons Level 2  
  198  11:57  Liberator x2  
  198  11:58  Liberator x2  
  198  12:00  Marauder  
  197  12:05  Marine x2  
  191  12:08  Marauder  
  162  12:16  Marine, Marauder  
  162  12:17  Marine  
  162  12:18  Barracks Reactor  
  162  12:20  Barracks Tech Lab  
  166  12:23  Marine  
  166  12:29  Terran Infantry Weapons Level 3  
  164  12:30  Marauder  
  164  12:31  Marauder  
  164  12:34  Marine x2  
  170  12:38  Marauder  
  170  12:42  Barracks Tech Lab  
  172  12:49  Marine x2, Marauder  
  176  12:51  Marine  
  176  12:52  Marine x2, Marauder, Planetary Fortress  
  176  12:57  SCV x3, Medivac  
  176  12:58  Medivac  
  186  13:04  Medivac x2  
  190  13:09  SCV  
  190  13:12  Marauder x2  
  195  13:13  Marauder  
  189  13:24  Marine x2, Marauder  
  189  13:25  Marine x2  
  189  13:26  Marine  
  189  13:27  Marine, Marauder, Liberator  
  138  13:31  Medivac  
  138  13:33  Marine x2  
  138  13:34  Marine, Liberator  
  138  13:36  Medivac  
  138  13:41  Marine  
  138  13:43  Marine x3  
  138  13:45  Marauder  
  144  13:51  Missile Turret  
  144  13:53  Marauder  
  149  13:56  Marine, Marauder x2  
  149  13:58  Marine  
  156  14:03  Marine, Marauder, Liberator x2  
  156  14:06  Marine  
  156  14:07  Marauder  
  156  14:09  Marine  
  159  14:10  Marine  
  159  14:14  Marauder  
  145  14:17  Marine x2, Marauder x2  
  145  14:23  Marine  
  145  14:24  Marine, Marauder  
  161  14:28  Marauder  
  163  14:32  Marine  
  163  14:33  Marine  
  163  14:35  Marine x2  
  163  14:36  Marauder  
  169  14:40  SCV x3  
  169  14:41  Sensor Tower  
  169  14:45  Marine  
  177  14:55  Marine x2  
  177  14:57  Ghost x4  
  177  15:00  Marine x4  
  177  15:05  Refinery  
  177  15:06  Marine, Refinery  
  182  15:13  Marine x2  
  184  15:17  Liberator  
  184  15:18  Marauder  
  186  15:26  Marauder  
  186  15:28  Ghost x2  
  170  15:29  Marine x5  
  170  15:31  Marine x2  
  182  15:39  Marine  
  182  15:41  Liberator  
  177  15:47  Marine x4  
  177  15:48  Marine, Marauder x2  
  177  15:49  Marine  
  176  15:57  Marine x2, Marauder  
  183  16:09  Marauder  
  181  16:11  Marauder  
  181  16:13  Marine x2  
  181  16:14  Liberator  
  181  16:15  Marine x2  
  181  16:16  Marine x3  
  181  16:17  Liberator  
  187  16:21  Marine x2  
  161  16:30  Marine x2  
  161  16:31  Marine  
  139  16:33  Marine x4  
  139  16:39  Marine, Marauder  
  136  16:41  Marine x2  
  124  16:48  Marine x3  
  124  16:50  Marine  
  124  16:52  Marine  
  129  16:54  Marine x2  
  129  16:57  Marine  
  131  17:02  Marauder  
  131  17:06  Marine  
  135  17:14  Marauder  
  135  17:15  Marauder, Orbital Command  
  138  17:16  Ghost  
  138  17:28  Ghost x2  
  144  17:35  Marine, Marauder  
  144  17:36  Marauder  
  146  17:40  Marine  
  147  17:45  Marauder  
  147  17:46  Marine  
  147  17:48  Viking  
  147  17:50  Viking  
  147  17:51  Viking  
  154  17:58  Marauder x2  
  158  18:03  Marine x2  
  152  18:10  Marine, Marauder  
  152  18:11  Marine, Marauder  
  158  18:14  Marauder  
  158  18:15  Marine x2  
  158  18:19  Marine, Marauder  
  165  18:20  Marine  
  165  18:21  Marine  
  158  18:28  Marine x2  
  158  18:32  Marine, Marauder x2, Viking  
  158  18:33  Viking  
  169  18:36  Viking  
  169  18:41  Viking  
  169  18:46  Marauder x2  
  175  18:49  Marauder  
  175  18:53  Marauder  
  179  19:02  Marauder  
  181  19:07  Marauder  
  182  19:10  Marauder  
  182  19:12  Marine  
  182  19:16  Viking x2  
  172  19:18  Marauder x2  
  172  19:23  Marauder  
  178  19:27  Marine  
  178  19:29  Marine x3  
  182  19:35  Marauder x2  
  174  19:39  Marauder x2  
  178  19:57  Marine x2, Marauder x2  
  188  20:07  Marauder x2  
  188  20:08  Marine x2  
  188  20:10  Marauder  
  192  20:17  Ghost x2  
  192  20:19  Marine x2  
  174  20:22  Marine x2  
  174  20:26  Marine  
  174  20:28  Marauder  
  164  20:29  Liberator x4  
  164  20:31  Marine  
  164  20:33  Marauder  
  153  20:39  Marine x2  
  153  20:42  Marine x2, Marauder  
  123  20:45  Marine  
  123  20:46  Marine, Marauder  
  123  20:48  Marine  
  123  20:49  Marine  
  112  20:55  Marauder  
  112  20:57  Marine x2  
  112  20:59  Marine  
  112  21:00  Marine  
  112  21:03  Marauder  
  116  21:04  Marauder  
  116  21:07  Marauder  
  116  21:08  Marauder  
  121  21:16  Marauder  
  123  21:20  Marine  
  123  21:21  Marine  
  123  21:22  Marine x2  
  123  21:23  Marine  
  123  21:24  Marauder  
  129  21:26  Marine  
  129  21:29  Medivac  
  132  21:34  Medivac  
  132  21:37  Marauder  
  136  21:44  Medivac  
  138  21:50  Medivac  
  140  21:57  Marauder  
  140  21:58  Marauder  
  144  22:04  Marauder  
  146  22:11  Marauder  
  145  22:33  Marauder x3  
  145  22:36  Orbital Command  
  151  22:43  Marauder  
  153  22:51  Marauder  
  153  22:56  Ghost  
  157  23:05  Marauder  
  159  23:10  Missile Turret  
  163  23:27  Viking x3  
  163  23:29  Viking  
  163  23:32  Orbital Command  
  167  23:38  Marauder  
  167  23:39  Marauder x2  
  173  23:43  Marine  
  173  23:44  Marine x4  
  173  23:46  Marine  
  179  23:55  Marine  
  180  23:58  Marine  
  180  24:02  Marine x2  
  181  24:04  Sensor Tower  
  181  24:09  Marauder  
  176  24:11  Marine, Marauder  
  176  24:12  Marine  
  178  24:17  Viking x2  
  178  24:19  Marauder x2  
  178  24:22  Viking  
  185  24:24  Marine  
  183  24:34  Sensor Tower  
  183  24:43  Supply Depot  
  183  24:47  Orbital Command  
  183  24:57  Missile Turret, Supply Depot  
  182  25:01  Marine, Viking  
  182  25:02  Viking  
  182  25:06  Viking  

Tags
 
Add a new tag
Caveats
  • Supply blocks, unpowered buildings, or Contaminate may cause inaccurate times.
  • Supply counts are checked every 10 seconds.